 Dungeon Crawl Stone Soup version 0.17-a0-995-gb5fa8d7 (webtiles) character file.

1 RobertPalmer the Insei (level 1, 0/13 HPs)
             Began as an Octopode Transmuter on May 12, 2015.
             Slain by a goblin
             ... wielding a +0 dagger
              (3 damage)
             ... on level 1 of the Dungeon.
             The game lasted 00:00:17 (183 turns).

RobertPalmer the Insei (Octopode Transmuter)         Turns: 183, Time: 00:00:17

Health: 0/13       AC:  1    Str:  9    XL:     1   Next: 20%
Magic:  2/3        EV: 12    Int: 15    God:
Gold:   0          SH:  0    Dex: 12    Spells: 1 memorised, 3 levels left

rFire  . . .     SeeInvis .       - Unarmed
rCold  . . .     Clarity  .     (no shield)
rNeg   . . .     SustAb   .     (helmet restricted)
rPois  .         Gourm    .     (no amulet)
rElec  .         Spirit   .     (no ring)
rCorr  .         Warding  .     (no ring)
rMut   .         Stasis   .     (no ring)
MR     .....                    (no ring)
Stlth  ++........               (no ring)
                                (no ring)
                                (no ring)
                                (no ring)

@: appendage, very slightly contaminated, not resistant to hostile enchantments,
unstealthy
A: almost no armour, amphibious, 8 rings, constrict 8, tentacle spike 3,
camouflage 1, gelatinous body 1
a: End Transformation


You were on level 1 of the Dungeon.
You were not hungry.
One of your tentacles had a temporary spike.
You visited 1 branch of the dungeon, and saw 1 of its levels.

Inventory:

Missiles
 a - 12 arrows
Books
 b - a book of Changes
Comestibles
 c - a bread ration {@e1}


   Skills:
 - Level 1.0 Fighting
 - Level 2.0 Dodging
 - Level 3.0 Unarmed Combat
 - Level 2.0 Spellcasting
 + Level 2.1 Transmutations


You had 3 spell levels left.
You knew the following spells:

 Your Spells              Type           Power        Failure   Level  Hunger
a - Beastly Appendage     Trmt           #.....       12%         1    #......


Dungeon Overview and Level Annotations

Branches:
Dungeon (1/15)

Altars:


Innate Abilities, Weirdness & Mutations

You cannot wear most types of armour.
You are amphibious.
You can wear up to eight rings at the same time.
You can use your tentacles to constrict eight enemies at once.
Your skin changes colour to match your surroundings (Stealth).
Your rubbery body absorbs attacks (AC +1).
One of your tentacles bears a large vicious spike.


Message History

Welcome, RobertPalmer the Octopode Transmuter.
Will you prevail where others failed? Will you find the Orb of Zot?
Found a staircase leading out of the dungeon.
You open the door.
There is an open door here.
You see here a ring mail.
A goblin comes into view. It is wielding a club.
A goblin is nearby!
A goblin is nearby!
A goblin is nearby!
You don't know that spell.
Okay, then.
Unknown command.
One of your tentacles grows a vicious spike.
The goblin shouts!
You now have 2/3 mp.
The goblin hits you with a club.
You take 4 damage, and have 9/13 hp.
MASSIVE DAMAGE!!
You closely miss the goblin. You grab the goblin. You squeeze the goblin.
You kill the goblin!
No target in view!
No target in view!
You start resting.
Your transformation is almost over.
You start resting.
Your tentacle spike disappears.
MP restored: 3 Unknown command.
You start resting.
Health restored: 13 Unknown command.
You see here a club.
You open the door.
There is an open door here.
You open the door.
There is an open door here.
You open the door.
There is an open door here.
There is an open door here.
There is an open door here.
There is an open door here.
A hobgoblin comes into view.
The hobgoblin shouts!
A hobgoblin is nearby!
A hobgoblin is nearby!
Unknown command.
You miscast Beastly Appendage.
You are very lightly contaminated with residual magic.
Multicoloured lights dance before your eyes!
You now have 2/3 mp.
A goblin comes into view. It is wielding a dagger.
The goblin shouts!
One of your tentacles grows a vicious spike.
You now have 1/3 mp.
You closely miss the hobgoblin. Your grab misses the hobgoblin.
You squeeze the hobgoblin, but do no damage.
The hobgoblin hits you.
You take 2 damage, and have 11/13 hp.
You tentacle-slap the hobgoblin. Your grab misses the hobgoblin.
You pierce the hobgoblin, but do no damage.
Your squeeze misses the hobgoblin. The hobgoblin hits you.
You take 2 damage, and have 9/13 hp.
You barely miss the hobgoblin. Your grab misses the hobgoblin.
The hobgoblin barely misses you.
You closely miss the hobgoblin. You grab the hobgoblin.
You constrict the hobgoblin, but do no damage.
The goblin hits you with a dagger. The hobgoblin hits you.
You take 4 damage, and have 5/13 hp.
MASSIVE DAMAGE!!
You release your grip on the hobgoblin.
The hobgoblin barely misses you.
You tentacle-slap the goblin. Your grab misses the goblin.
The hobgoblin barely misses you. The goblin barely misses you.
Unknown command.
You tentacle-slap the goblin. You grab the goblin. You constrict the goblin.
The hobgoblin hits you.
* * * LOW HITPOINT WARNING * * *
The goblin hits you with a dagger.
You die...

##..###.###.#
#....#...'...+..[.
#...##'###...##'## #
....#....##'##....
.####...#.รท..#...#.<..
.......#....#...#....
#.....######...#####
#.g.................
#.######@.########.......
........g.# #.#.####
########..# #.#.#
#..########.#.#
#..##.........#
####..##.#####.#.#
#............#[..#
#.##..##.###.#.###
#.##..##.# ###


You could see a hobgoblin and a goblin.

Vanquished Creatures
  A goblin (D:1)
1 creature vanquished.

Notes
Turn   | Place    | Note
--------------------------------------------------------------
     0 | D:1      | RobertPalmer the Octopode Transmuter began the quest for the Orb.
     0 | D:1      | Reached XP level 1. HP: 13/13 MP: 3/3
   183 | D:1      | HP: 3/13 [hobgoblin (2)]
   183 | D:1      | Slain by a goblin

Vault maps used:
D:1:      arrival_zaba_pyramid

Action                   || total
-------------------------++-------
Melee: Unarmed           ||     7
 Cast: Beastly Appendage ||     2

Vault maps used:
D:1:      arrival_zaba_pyramid

Table legend:
 A = Turns spent in this place as a percentage of turns spent in the entire game.
 B = Non-inter-level travel turns spent in this place as a percentage of non-inter-level travel turns spent in the entire game.
 C = Inter-level travel turns spent in this place as a percentage of turns spent in this place.
 D = Turns resting spent in this place as a percentage of non-inter-level travel turns spent in this place.
 E = Turns spent auto-exploring this place as a percentage of non-inter-level travel turns spent in this place.
 F = Non-inter-level travel turns spent in this place divided by the number of levels of this place that you've seen.
                   A       B       C       D       E      F
               +-------+-------+-------+-------+-------+----------------------
         Total | 100.0 | 100.0 |   0.0 |  14.3 |   5.7 |  35.0
       Dungeon | 100.0 | 100.0 |   0.0 |  14.3 |   5.7 |  35.0
               +-------+-------+-------+-------+-------+----------------------

Table legend:
 A = Kills in this place as a percentage of kills in entire the game.
 B = Kills by you in this place as a percentage of kills by you in the entire game.
 C = Kills by friends in this place as a percentage of kills by friends in the entire game.
 D = Other kills in this place as a percentage of other kills in the entire game.
 E = Experience gained in this place as a percentage of experience gained in the entire game.
 F = Experience gained in this place divided by the number of levels of this place that you have seen.
                   A       B       C       D       E      F
               +-------+-------+-------+-------+-------+----------------------
         Total | 100.0 | 100.0 |  -nan |  -nan | 100.0 |   2.0
       Dungeon | 100.0 | 100.0 |  -nan |  -nan | 100.0 |   2.0
               +-------+-------+-------+-------+-------+----------------------
